Map: Abyssal Reef LE

Players

NotQut

  • Race: Zerg Zerg
  • League: Diamond
  • Spawn Location: 5:00

IIIIIIIIIIII - Winner!

  • Race: Protoss Protoss
  • Spawn Location: 11:00

VOD

Have the link to the VOD?

Description

Time

  • Played on: Nov. 23, 2017, 11:49 a.m.
  • Length: 8:55
Show
View Real Time Build Order
Export as new Build Order

NotQut Zerg 

Build Orders: Hatch First, Zergling Baneling 

Get SALT Encoding   

  12  0:02  Drone  
  13  0:12  Overlord  
  13  0:19  Drone  
  14  0:30  Drone x2  
  14  0:34  Drone  
  17  0:54  Hatchery  
  16  0:57  Drone  
  16  1:00  Drone  
  18  1:07  Extractor  
  17  1:16  Spawning Pool  
  16  1:22  Drone  
  17  1:33  Drone x2  
  17  1:38  Overlord  
  19  1:50  Drone  
  20  2:00  Drone  
  21  2:04  Queen  
  21  2:06  Queen  
  21  2:08  Zergling x2  
  26  2:13  Metabolic Boost  
  26  2:19  Zergling x2  
  26  2:20  Zergling x2  
  28  2:26  Zergling x2  
  29  2:31  Baneling Nest  
  29  2:32  Zergling x2  
  29  2:39  Zergling x4  
  32  2:44  Zergling x2  
  32  2:55  Zergling x2  
  32  2:56  Zergling x2  
  34  3:01  Zergling x2  
  34  3:05  Zergling x2  
  36  3:12  Overlord  
  36  3:16  Baneling  
  36  3:17  Baneling  
  36  3:18  Baneling  
  36  3:24  Baneling x3  
  36  3:29  Overlord  
  36  3:31  Zergling x8  
  36  3:32  Zergling x2  
  41  3:38  Zergling x2  
  41  3:39  Zergling x2  
  42  3:43  Zergling x2  
  42  3:49  Zergling x2  
  41  4:10  Zergling x8  
  41  4:12  Baneling x4  
  41  4:13  Queen  
  46  4:30  Zergling x10  
  49  4:33  Drone  
  48  4:43  Zergling x6  
  45  4:49  Zergling x2  
  45  4:50  Zergling x2  
  42  4:55  Drone  
  42  5:04  Baneling  
  42  5:05  Baneling x3  
  41  5:09  Drone x3  
  44  5:32  Hatchery  
  42  5:41  Zergling x2  
  42  5:42  Zergling x8  
  44  5:45  Overlord  
  39  5:53  Zergling x6  
  41  6:03  Zergling x4  
  41  6:04  Zergling x4  
  42  6:08  Zergling x2  
  42  6:09  Zergling x2  
  44  6:16  Baneling x2  
  44  6:17  Baneling x4  
  44  6:25  Zergling x2  
  46  6:33  Baneling x5  
  46  6:34  Baneling  
  46  6:42  Zergling x10  
  51  6:48  Zergling x2  
  48  6:55  Zergling x2  
  48  6:56  Zergling x2  
  42  7:02  Zergling x6  
  45  7:10  Spine Crawler  
  45  7:13  Zergling x4  
  45  7:14  Spine Crawler  
  41  7:17  Spine Crawler  
  41  7:20  Baneling  
  41  7:21  Zergling x2, Baneling x4  
  41  7:22  Zergling x2  
  31  7:47  Zergling x10  
  31  7:48  Zergling x4  
  36  7:52  Zergling x2  
  35  8:01  Zergling x2  
  31  8:08  Zergling x2  
  31  8:12  Zergling x4  
  30  8:15  Queen  
  24  8:20  Zergling x2  
  24  8:30  Zergling x4  
Show
View Real Time Build Order
Export as new Build Order

IIIIIIIIIIII Protoss - Winner!

Build Orders:  

Get SALT Encoding   

  12  0:01  Probe  
  13  0:17  Pylon  
  13  0:18  Probe  
  14  0:30  Probe  
  15  0:37  Gateway  
  15  0:42  Assimilator  
  15  0:44  Probe (Chrono Boost)  
  16  0:56  Probe (Chrono Boost)  
  17  0:59  Probe  
  18  1:11  Probe  
  19  1:13  Gateway  
  19  1:15  Pylon  
  19  1:25  Zealot (Chrono Boost)  
  21  1:33  Cybernetics Core  
  21  1:40  Assimilator  
  21  1:44  Zealot  
  23  1:49  Probe  
  24  1:59  Pylon  
  24  2:01  Probe  
  27  2:12  Zealot (Chrono Boost)  
  27  2:18  Sentry (Chrono Boost)  
  29  2:29  Gateway  
  29  2:33  Warp Gate  
  29  2:39  Sentry  
  29  2:42  Sentry  
  33  2:46  Probe  
  33  2:49  Pylon  
  34  2:58  Probe  
  34  3:10  Probe  
  35  3:12  Stalker  
  35  3:17  Adept  
  39  3:25  Pylon  
  39  3:43  Adept  
  39  3:46  Pylon  
  41  3:50  Stalker  
  41  3:52  Stalker  
  45  4:02  Gateway  
  45  4:17  Pylon  
  35  4:48  Adept  
  35  4:49  Adept  
  35  4:51  Adept  
  35  5:07  Gateway  
  35  5:12  Stalker  
  35  5:13  Stalker x3  
  43  5:46  Adept x3  
  43  5:47  Adept  
  39  6:08  Adept x4  
  47  6:14  Sentry  
  49  6:23  Pylon  
  49  6:38  Stalker x2  
  53  6:40  Sentry  
  53  6:41  Sentry  
  53  6:45  Probe  
  50  7:06  Adept x3  
  46  7:28  Adept x3  
  52  7:30  Sentry x2  
  40  7:54  Stalker x2  
  40  7:55  Adept  
  32  8:27  Adept x4  
  32  8:28  Adept  
Tags
 
League
Diamond
Matchup
PvZ
Spawn Locations
Cross Positions
Add a new tag
Caveats
  • Supply blocks, unpowered buildings, or Contaminate may cause inaccurate times.
  • Supply counts are checked every 10 seconds.